 Dungeon Crawl Stone Soup version 0.29-a0-286-g41199d4a87 (webtiles) character file.

Game seed: 12055357850823583812

58 epen the Vexing (level 4, -1/34 HPs)
             Began as a Gnoll Arcane Marksman on Mar 16, 2022.
             Slain by an ogre
             ... wielding a +0 giant club
              (15 damage)
             ... on level 3 of the Dungeon.
             The game lasted 00:01:47 (1799 turns).

epen the Vexing (Gnoll Arcane Marksman)             Turns: 1799, Time: 00:01:48

Health: -1/34      AC:  2    Str: 10    XL:     4   Next: 2%
Magic:  8/8        EV: 15    Int: 12    God:
Gold:   136        SH:  0    Dex: 21    Spells: 7/8 levels left

rFire   . . .      SeeInvis .   l - +10 mace "Aruqets" {holy, rPois Will- Dex+7}
rCold   . . .      Faith    .   (no shield)
rNeg    . . .      Spirit   .   b - +0 robe
rPois   +          Reflect  .   (no helmet)
rElec   .          Harm     .   (no cloak)
rCorr   .          Rampage  .   (no gloves)
Will    .....                   (no boots)
Stlth   ++........              (no amulet)
HPRegen 0.11/turn               (no ring)
MPRegen 0.11/turn               (no ring)

@: no status effects
A: fangs 1, strong nose, distributed training
a: no special abilities


You were on level 3 of the Dungeon.
You visited 1 branch of the dungeon, and saw 3 of its levels.

You collected 136 gold pieces.

Inventory:

Hand Weapons
 a - a +0 shortbow
 h - a +2 dagger of venom
 l - the +10 mace "Aruqets" (weapon) {holy, rPois Will- Dex+7}
   (You found it on level 2 of the Dungeon)

   It has been blessed by the Shining One to cause great damage to the undead
   and demons.
   Dex:       It affects your dexterity (+7).
   rPois:     It protects you from poison.
   Will:      It decreases your willpower.
Armour
 b - a +0 robe (worn)
Jewellery
 p - a ring of protection from fire
Scrolls
 c - a scroll of vulnerability
 f - 2 scrolls of identify {unknown}
 g - a scroll of silence {unknown}
 j - a scroll of blinking {unknown}
 n - a scroll of amnesia {unknown}
Potions
 i - a potion of might {unknown}
 k - a potion of brilliance {unknown}
 m - a potion of curing {unknown}
 o - a potion of lignification {unknown}
 q - a potion of mutation {unknown}


   Skills:
 + Level 2.7 Fighting
 + Level 1.0 Short Blades
 + Level 1.0 Long Blades
 + Level 1.0 Axes
 + Level 1.0 Maces & Flails
 + Level 1.0 Polearms
 + Level 1.0 Staves
 + Level 1.0 Slings
 + Level 4.6 Bows
 + Level 1.0 Crossbows
 + Level 1.0 Throwing
 + Level 1.0 Armour
 + Level 4.6 Dodging
 + Level 1.0 Stealth
 + Level 1.0 Shields
 + Level 1.0 Unarmed Combat
 + Level 2.9 Spellcasting
 + Level 0.7 Conjurations
 + Level 5.4 Hexes
 + Level 0.7 Summonings
 + Level 0.7 Necromancy
 + Level 0.7 Translocations
 + Level 0.7 Transmutations
 + Level 0.7 Fire Magic
 + Level 0.7 Ice Magic
 + Level 0.7 Air Magic
 + Level 0.7 Earth Magic
 + Level 0.7 Poison Magic
 + Level 1.1 Invocations
 + Level 1.0 Evocations


You had 7 spell levels left.
You knew the following spells:

 Your Spells              Type           Power      Damage    Failure   Level
a - Slow                  Hex            56%        N/A       2%          1

Your spell library contained the following spells:

 Spells                   Type           Power      Damage    Failure   Level
 Confusing Touch          Hex            14%        N/A       8%          3
 Inner Flame              Hex/Fire       9%         N/A       21%         3
 Portal Projectile        Hex/Tloc       18%        N/A       21%         3
 Cause Fear               Hex            7%         N/A       26%         4
 Gell's Gravitas          Tloc           3%         N/A       50%         3
 Lesser Beckoning         Tloc           3%         N/A       50%         3
 Teleport Other           Tloc           3%         N/A       50%         3
 Yara's Violent Unravell  Hex/Tmut       4%         3d4       88%         5
 Dispersal                Tloc           1%         N/A       100%        6
 Enfeeble                 Hex            7%         N/A       100%        7


Dungeon Overview and Level Annotations

Branches:
Dungeon (3/15)

Altars:


Innate Abilities, Weirdness & Mutations

You have very sharp teeth.
Your uncanny sense of smell can sniff out nearby items.
Your experience applies equally to all skills.


Message History

You kill the dart slug!
You have reached level 4!
You feel stronger.
p - a ring of protection from fire Done exploring.
Done exploring.
Done exploring.
You open the door.
There is an open door here.
There is a stone staircase leading down here.
You climb downwards.
Found three items.
There is a stone staircase leading up here.
q - a viscous brown potion An ogre comes into view.
It is wielding a +0 giant club.
You see here a scroll labelled YPAH JA RIOJ.
An ogre is nearby!
Found a bubbling purple potion.
The ogre shouts!
The ogre hits you with a +0 giant club!!
Ouch! That really hurt!
You are too injured to fight recklessly!
You are too injured to fight recklessly!
You are too injured to fight recklessly!
Okay, then.
You aren't carrying any items that you can evoke.
Aiming: Slow (safe; 2% risk of failure)
Press: ? - help, Q - select action Shift-Dir - straight line, f - ogre
Aim: an ogre, wielding a +0 giant club (chance to affect: 53%)
Okay, then.
You aren't wearing any rings or amulets.
Unknown command.
Okay, then.
Okay, then.
As you read the scroll labelled GEXZUF JALIORGHIR, it crumbles to dust.
The scroll dissolves into smoke.
It was a scroll of fog.
As you read the scroll labelled NODELE ZYURUU, it crumbles to dust.
You feel aware of your surroundings.
You sensed 1 altar.
It was a scroll of magic mapping.
The ogre hits you with a +0 giant club!
You die...

######## #<.....# *******
#......# *,,,,,, #.?....# *,,,,,,
#......# *,,,,,, ***** #......##
*,,,,,, *,,,** ###.§§§.## *,,,,,,
*,,,.####.§@§.$.# ***,,,,*
******,,,......§O§§..# *,,,**,*
,,,,,,,,,#####.§§§§..# *,****,*
,,,,,,,,,* ##.§.§.##****,,,,,,,
,,,,,,,,,* *#.......,,,,,,***,*
,,,,,,,,,* *..........,,,,,**,*
,,,,,,,,,****#.........#**,*,,,,*
,,,,,,,,,,,,,.!......#.# *,****,,
,,,,,,,,,*,,..#........#**,**,,,,


You could see an ogre.

Vanquished Creatures
  An adder (D:2)
  A worm (D:2)
  3 dart slugs
  4 endoplasms
  4 giant cockroaches
  4 goblins
  2 hobgoblins (D:2)
  3 jackals (D:2)
  2 kobolds
  2 quokkas (D:1)
  6 ball pythons
  3 bats
  A frilled lizard (D:2)
  2 rats
38 creatures vanquished.

Notes
Turn   | Place    | Note
-------+----------+-------------------------------------------
     0 | D:1      | epen the Gnoll Arcane Marksman began the quest for the Orb.
     0 | D:1      | Reached XP level 1. HP: 17/17 MP: 4/4
   188 | D:1      | Reached XP level 2. HP: 23/23 MP: 5/5
   681 | D:2      | Reached XP level 3. HP: 28/28 MP: 7/7
   970 | D:2      | Reached skill level 1 in Invocations
  1282 | D:2      | Identified the +10 mace "Aruqets" {holy, rPois Will- Dex+7}
  1424 | D:2      | Reached skill level 1 in Short Blades
  1424 | D:2      | Reached skill level 1 in Long Blades
  1424 | D:2      | Reached skill level 1 in Axes
  1424 | D:2      | Reached skill level 1 in Maces & Flails
  1424 | D:2      | Reached skill level 1 in Polearms
  1424 | D:2      | Reached skill level 1 in Staves
  1424 | D:2      | Reached skill level 1 in Slings
  1424 | D:2      | Reached skill level 1 in Crossbows
  1424 | D:2      | Reached skill level 1 in Throwing
  1424 | D:2      | Reached skill level 1 in Armour
  1424 | D:2      | Reached skill level 1 in Stealth
  1424 | D:2      | Reached skill level 1 in Shields
  1424 | D:2      | Reached skill level 1 in Unarmed Combat
  1424 | D:2      | Reached skill level 1 in Evocations
  1727 | D:2      | Reached XP level 4. HP: 32/34 MP: 8/8
  1791 | D:3      | Noticed an ogre
  1799 | D:3      | Slain by an ogre

Illustrated notes

Levels and vault maps discovered:
D:1:      minmay_arrival_stair_chambers, layout_basic,
          hangedman_abyss_or_decor_lesser_grid
D:2:      layout_loops_corners
D:3:      layout_rooms, nicolae_overflow_hidden_temple

Skill      XL: |  1  2  3 |
---------------+----------+-----
Invocations    | 1 |  1.1
Short Blades   | 1 |  1.0
Long Blades    | 1 |  1.0
Axes           | 1 |  1.0
Maces & Flails | 1 |  1.0
Polearms       | 1 |  1.0
Staves         | 1 |  1.0
Slings         | 1 |  1.0
Crossbows      | 1 |  1.0
Throwing       | 1 |  1.0
Armour         | 1 |  1.0
Stealth        | 1 |  1.0
Shields        | 1 |  1.0
Unarmed Combat | 1 |  1.0
Evocations     | 1 |  1.0
Fighting       | |  2.7
Bows           | |  4.6
Dodging        | |  4.6
Spellcasting   | |  2.9
Conjurations   | |  0.7
Hexes          | |  5.4
Summonings     | |  0.7
Necromancy     | |  0.7
Translocations | |  0.7
Transmutations | |  0.7
Fire Magic     | |  0.7
Ice Magic      | |  0.7
Air Magic      | |  0.7
Earth Magic    | |  0.7
Poison Magic   | |  0.7

Action                   |  1- 3 |  4- 6 || total
-------------------------+-------+-------++-------
Melee: Mace              |    13 |       ||    13
 Fire: Shortbow          |    78 |       ||    78
  Use: Scroll            |       |     2 ||     2
 Stab: Sleeping          |     3 |       ||     3
Armor: Robe              |    10 |       ||    10
Dodge: Dodged            |    26 |       ||    26

Table legend: (Time is in decaauts)
 A = Elapsed time spent in this place.
 B = Non-inter-level travel time spent in this place.
 C = Inter-level travel time spent in this place.
 D = Time resting spent in this place.
 E = Time spent auto-exploring this place.
 F = Levels seen in this place.
 G = Mean time per level.
                   A        B        C        D        E       F      G
               +--------+--------+--------+--------+--------+-----+--------+
         Total |   1823 |   1800 |     23 |      0 |   1559 |   3 |  607.7 |
       Dungeon |   1823 |   1800 |     23 |      0 |   1559 |   3 |  607.7 |
               +--------+--------+--------+--------+--------+-----+--------+

Top non-repeatable levels by time:
     D:2: 1125 daAuts
     D:1: 686 daAuts
     D:3: 11 daAuts
